 Dungeon Crawl Stone Soup version 0.29.1-1-gd02db69 (webtiles) character file.

Game seed: 4981124322959256390

554 Dorkslayer the Conjurer (level 7, 0/45 HPs)
             Began as an Octopode Conjurer on Sept 29, 2022.
             Slain by a sky beast (3 damage)
             ... on level 5 of the Dungeon.
             The game lasted 00:12:14 (4714 turns).

Dorkslayer the Conjurer (Octopode Conjurer)         Turns: 4714, Time: 00:12:15

Health: 0/45       AC:  1    Str:  8    XL:     7   Next: 30%
Magic:  7/21       EV: 13    Int: 20    God:
Gold:   248        SH:  0    Dex: 11    Spells: 6/13 levels left

rFire   . . .      SeeInvis .   i - +0 broad axe
rCold   . . .      Faith    .   (no shield)
rNeg    + . .      Spirit   .   (helmet restricted)
rPois   .          Reflect  .   (no amulet)
rElec   .          Harm     .   h - ring of magical power
rCorr   .          Rampage  .   p - ring of positive energy
Will    .....                   (no ring)
Stlth   +++.......              (no ring)
HPRegen 0.15/turn               (no ring)
MPRegen 0.17/turn               (no ring)
                                (no ring)
                                (no ring)

@: no status effects
A: almost no armour, amphibious, 8 rings, camouflage 1, gelatinous body 1,
(nimble swimmer 1), tentacles
a: no special abilities


You were on level 5 of the Dungeon.
You visited 1 branch of the dungeon, and saw 5 of its levels.

You collected 248 gold pieces.

Inventory:

Hand Weapons
 g - a +0 dagger
 i - a +0 broad axe (weapon)
 t - a +0 war axe
Jewellery
 h - a ring of magical power (left tentacle)
 p - a ring of positive energy (right tentacle)
Scrolls
 b - a scroll of fear
 c - a scroll of summoning
 d - 2 scrolls of amnesia {unknown}
 e - 3 scrolls of identify {unknown}
 f - a scroll of blinking {unknown}
 j - a scroll of enchant weapon {unknown}
 k - 3 scrolls of teleportation {unknown}
 l - 2 scrolls of magic mapping {unknown}
 r - a scroll of fog {unknown}
 u - a scroll of silence {unknown}
 v - a scroll of immolation {unknown}
Potions
 a - 2 potions of magic
 m - 2 potions of degeneration {unknown}
 n - a potion of curing
 o - 3 potions of mutation {unknown}
 q - a potion of haste {unknown}
 s - a potion of flight {unknown}


   Skills:
 * Level 2.0 Fighting
 + Level 2.1 Axes
 * Level 3.2 Dodging
 + Level 3.9 Stealth
 * Level 3.0 Unarmed Combat
 * Level 3.6 Spellcasting
 + Level 5.1 Conjurations


You had 6 spell levels left.
You knew the following spells:

 Your Spells              Type           Power      Damage    Failure   Level
a - Magic Dart            Conj           96%        1d7       1%          1
b - Searing Ray           Conj           48%        2d6       2%          2
c - Iskenderun's Mystic   Conj/Tloc      13%        2d5       43%         4

Your spell library contained the following spells:

 Spells                   Type           Power      Damage    Failure   Level
 Shock                    Conj/Air       52%        1d6       4%          1
 Dazzling Flash           Conj/Hex       26%        N/A       14%         3
 Swiftness                Air            3%         N/A       38%         3
 Fulminant Prism          Conj/Hex       6%         3d7       43%         4
 Airstrike                Air            1%         2d(1-17)  80%         4


Dungeon Overview and Level Annotations

Branches:
Dungeon (5/15)
 Temple: D:4-7

Altars:


Innate Abilities, Weirdness & Mutations

You cannot wear most types of armour.
You are amphibious.
You can wear up to eight rings at the same time.
Your skin changes colour to match your surroundings (Stealth+).
Your rubbery body absorbs attacks. (AC +1, EV +1)
((You are camouflaged when in or above water. (Stealth+)))
You have tentacles for arms and can constrict up to eight enemies at once.


Message History

Your Fighting skill increases to level 2!
Your Axes skill increases to level 2!
The searing ray hits the sky beast!
The sky beast is heavily wounded.
The searing ray hits the sky beast.
The sky beast is heavily wounded.
The searing ray hits the sky beast.
The sky beast is severely wounded.
You finish channelling your searing ray.
The sky beast hits you. The sky beast shocks you.
You barely miss the sky beast. Your squeeze misses the sky beast.
The sky beast is severely wounded.
The sky beast flickers out of sight!
Deactivating autopickup; reactivate with Ctrl-A.
Something hits you. Something shocks you.
Something hits you but does no damage.
You hit something. Your squeeze misses something. Something hits you.
Something shocks you.
Your magical contamination has completely faded away.
Something completely misses you. Something hits you. Something shocks you.
* * * LOW HITPOINT WARNING * * *
A sky beast appears from thin air!
Reactivating autopickup.
You see here a +0 leather armour.
Okay, then.
Casting: Searing Ray (safe; 2% risk of failure)
Confirm with . or Enter, or press ? or * to list all spells.
Aiming: Searing Ray (safe; 2% risk of failure)
Press: ? - help, Shift-Dir - straight line, f - sky beast
Aim: a sky beast (severely wounded, 71% to hit)
The searing ray hits the sky beast.
The sky beast is almost dead. (Press . to maintain the ray.)
The sky beast hits you.
* * * LOW HITPOINT WARNING * * *
The sky beast shocks you.
* * * LOW HITPOINT WARNING * * *
The searing ray misses the sky beast.
The sky beast hits you.
You die...

........ ....# ......#
#...#
#....####+##+####...#
##....#..........#...#
#.....#.........##...#
#.....'(..[.....##...#
#.....#######....'...'
##....# #...##...#
#...@+ ######...#
#...Y# #....+ #....#
#....# +...?# #....#
#....# ####'# #$....
#..... #..... #.....
...>..# #.....
.......# #.....


You could see a sky beast.

Vanquished Creatures
  Sigmund (D:4)
  Blork the orc (D:4)
  A necrophage (D:4)
  A scorpion (D:5)
  3 iguanas
  5 adders
  A worm (D:4)
  4 dart slugs
  8 orcs
  8 endoplasms
  3 giant cockroaches
  11 hobgoblins
  6 quokkas
  8 ball pythons
  3 bats
  5 frilled lizards
  2 goblins (D:3)
  4 kobolds
  6 rats
81 creatures vanquished.

Notes
Turn   | Place    | Note
-------+----------+-------------------------------------------
     0 | D:1      | Dorkslayer the Octopode Conjurer began the quest for the
                  | Orb.
     0 | D:1      | Reached XP level 1. HP: 11/11 MP: 3/3
   209 | D:1      | Reached XP level 2. HP: 17/17 MP: 1/5
   278 | D:1      | Learned a level 2 spell: Searing Ray
  1006 | D:2      | Reached XP level 3. HP: 22/22 MP: 6/6
  1429 | D:2      | You fall into a shaft and drop 1 floor!
  1493 | D:3      | Reached skill level 1 in Unarmed Combat
  1641 | D:2      | Reached XP level 4. HP: 9/27 MP: 7/7
  1922 | D:2      | Learned a level 4 spell: Iskenderun's Mystic Blast
  3096 | D:3      | Reached skill level 1 in Fighting
  3096 | D:3      | Reached XP level 5. HP: 33/33 MP: 9/9
  3708 | D:4      | Noticed Sigmund
  3743 | D:4      | Killed Sigmund
  3744 | D:4      | Reached skill level 1 in Axes
  3744 | D:4      | Reached skill level 5 in Conjurations
  3744 | D:4      | Reached XP level 6. HP: 26/38 MP: 10/10
  4270 | D:4      | Noticed Blork the orc
  4287 | D:4      | Killed Blork the orc
  4288 | D:4      | Reached XP level 7. HP: 18/44 MP: 10/12
  4649 | D:5      | Entered Level 5 of the Dungeon
  4714 | D:5      | Slain by a sky beast

Illustrated notes

Levels and vault maps discovered:
D:1:      dpeg_arrival_pond, layout_basic
D:2:      layout_basic, minmay_liquid_box
D:3:      layout_basic, grunt_ministairs_6
D:4:      layout_gridville, uniq_sigmund, uniq_blork_the_orc
D:5:      layout_gridville, kennysheep_generic_room_4

Skill      XL: |  1  2  3  4  5  6  7 |
---------------+----------------------+-----
Stealth        | 3 |  3.9
Unarmed Combat | 1 2 3 |  3.0
Fighting       | 1 2 |  2.0
Axes           | 1 2 |  2.1
Dodging        | 3 |  3.2
Spellcasting   | 3 |  3.6
Conjurations   | 5 |  5.1

Action                   |  1- 3 |  4- 6 |  7- 9 || total
-------------------------+-------+-------+-------++-------
Melee: Unarmed           |    13 |       |       ||    13
       Tentacles         |    15 |     3 |       ||    18
       Constrict         |    13 |     5 |     1 ||    19
       Dagger            |     8 |       |       ||     8
       Punch             |     3 |     2 |       ||     5
       Broad axe         |    18 |    26 |     3 ||    47
 Cast: Magic Dart        |    56 |    63 |     6 ||   125
       Searing Ray       |       |     6 |     4 ||    10
  Use: Scroll            |       |     2 |       ||     2
       Potion            |       |     1 |       ||     1
 Stab: Sleeping          |     3 |     3 |       ||     6
Armor: Skin              |     6 |     1 |     1 ||     8
Dodge: Dodged            |    25 |    24 |     4 ||    53
